Map: [ESL] Crimson Court

Players

Kelazhur - Winner!

  • Race: Terran Terran
  • Spawn Location: 1:00

Cham

  • Race: Zerg Zerg
  • Spawn Location: 7:00

Event: ESL SC2 Masters 2024 Spring (Regional)

VOD

Have the link to the VOD?

Description

Time

  • Played on: April 20, 2024, 11:44 a.m.
  • Length: 9:36

All games in this series

Show
View Real Time Build Order
Export as new Build Order

Kelazhur Terran - Winner!

Build Orders: Reaper Expand 

Get SALT Encoding   

  12  0:00  SCV  
  13  0:12  SCV  
  14  0:17  Supply Depot  
  14  0:24  SCV  
  15  0:38  SCV  
  15  0:40  Barracks  
  16  0:43  Refinery  
  16  0:50  SCV  
  17  1:02  SCV  
  18  1:14  SCV  
  19  1:27  Orbital Command, Reaper  
  20  1:37  Command Center  
  20  1:45  Supply Depot  
  20  1:52  SCV  
  21  1:58  Marine  
  22  2:02  Factory  
  22  2:05  SCV  
  23  2:17  SCV  
  23  2:20  Barracks Reactor  
  24  2:29  SCV  
  25  2:39  Command Center  
  25  2:41  SCV  
  26  2:50  Orbital Command  
  26  2:53  SCV  
  27  3:03  Hellion  
  27  3:04  Hellion  
  31  3:06  Barracks Tech Lab  
  31  3:09  SCV  
  31  3:15  Barracks, Refinery  
  31  3:16  SCV  
  32  3:22  SCV  
  32  3:26  Hellion x2  
  37  3:28  Marine  
  37  3:31  SCV  
  39  3:34  SCV  
  39  3:35  Stimpack  
  40  3:43  SCV  
  40  3:46  SCV, Marine  
  43  3:52  Orbital Command  
  43  3:57  Starport  
  43  3:58  SCV  
  43  4:00  SCV  
  43  4:02  Factory Reactor  
  45  4:05  Supply Depot  
  45  4:07  Marine  
  46  4:10  SCV  
  46  4:12  SCV  
  46  4:17  Marine x2  
  44  4:18  SCV  
  44  4:22  SCV  
  44  4:24  SCV  
  44  4:25  Marine  
  44  4:28  Supply Depot  
  44  4:30  SCV, Refinery  
  47  4:33  Engineering Bay  
  47  4:34  Engineering Bay, Marine  
  47  4:36  SCV x2  
  50  4:41  Marine  
  50  4:42  SCV  
  50  4:43  Marine  
  50  4:44  Medivac x2  
  57  4:47  Widow Mine  
  57  4:49  SCV x2  
  57  4:52  Marine  
  62  4:57  Refinery  
  62  4:59  SCV, Marine  
  64  5:00  Supply Depot  
  64  5:01  Marine  
  64  5:06  SCV  
  66  5:08  SCV  
  66  5:09  Orbital Command  
  66  5:10  Factory Tech Lab, Marine  
  69  5:15  Barracks  
  69  5:16  Terran Infantry Weapons Level 1, Terran Infantry Armor Level 1  
  69  5:18  SCV, Marine  
  69  5:19  Marine  
  71  5:23  SCV  
  72  5:29  Siege Tank  
  72  5:33  Barracks  
  75  5:35  SCV  
  75  5:36  SCV x2  
  75  5:37  Starport Reactor  
  75  5:38  Barracks  
  75  5:39  Marine x2  
  75  5:41  Combat Shield  
  80  5:48  SCV  
  80  5:49  Supply Depot  
  81  5:51  SCV, Marine  
  81  5:57  Supply Depot, Marine  
  83  6:03  SCV  
  85  6:09  Marine  
  85  6:10  Marine  
  86  6:12  Siege Tank  
  86  6:13  SCV, Medivac  
  86  6:18  Medivac  
  94  6:19  SCV  
  94  6:21  Barracks Reactor  
  94  6:22  Barracks Reactor  
  94  6:23  SCV  
  95  6:31  SCV  
  92  6:33  Marine x4  
  92  6:34  SCV  
  92  6:36  Armory  
  92  6:37  SCV  
  92  6:38  Supply Depot  
  98  6:43  SCV, Supply Depot  
  98  6:46  SCV  
  100  6:49  Marine  
  101  6:57  Supply Depot  
  101  6:59  SCV, Siege Tank  
  101  7:01  Marine x4  
  108  7:04  Marine x4  
  108  7:06  Marine  
  114  7:10  Supply Depot  
  114  7:11  Supply Depot  
  114  7:18  Marine  
  114  7:19  Marine x3  
  114  7:22  Marine x4  
  122  7:24  Marine  
  122  7:29  Refinery  
  120  7:31  Siege Tank  
  120  7:35  Medivac x2  
  120  7:36  Marine x4  
  128  7:40  Marine x4  
  128  7:42  SCV  
  128  7:43  Command Center  
  128  7:48  Marine  
  129  7:51  SCV x2  
  129  7:53  Missile Turret  
  129  7:54  SCV  
  129  7:55  Supply Depot  
  132  8:00  Marine  
  132  8:03  Marine x2  
  132  8:04  Marine  
  136  8:06  Marauder, Marine  
  137  8:16  Marine  
  137  8:17  Marine x2  
  137  8:18  Marine  
  137  8:19  Siege Tank  
  138  8:21  Marine  
  138  8:23  Refinery  
  138  8:24  Marine  
  138  8:26  Medivac x2  
  144  8:28  Factory  
  144  8:33  Supply Depot  
  144  8:34  Supply Depot x2  
  144  8:35  Marine x5  
  149  8:47  Marine  
  148  8:49  Marine  
  148  8:50  Marine  
  148  8:51  Marine  
  148  8:54  Siege Tank, Marine x5  
  157  8:58  Medivac x2  
  159  9:05  Marine  
  159  9:07  Marine  
  159  9:08  Supply Depot, Marine x2  
  157  9:12  Marine x5  
  155  9:22  Factory Tech Lab  
  156  9:27  Barracks x3  
Show
View Real Time Build Order
Export as new Build Order

Cham Zerg 

Build Orders: Hatch First 

Get SALT Encoding   

  12  0:00  Drone  
  13  0:12  Overlord  
  13  0:16  Drone  
  14  0:30  Drone x2  
  16  0:48  Hatchery  
  15  0:50  Drone  
  15  0:54  Drone  
  17  1:01  Drone  
  18  1:12  Spawning Pool  
  18  1:15  Drone, Extractor  
  17  1:19  Drone  
  18  1:28  Drone  
  19  1:38  Drone  
  20  1:49  Drone  
  21  1:59  Queen  
  21  2:00  Queen  
  21  2:01  Zergling x4  
  27  2:11  Drone  
  27  2:12  Overlord  
  28  2:27  Hatchery  
  27  2:30  Drone  
  27  2:33  Spore Crawler  
  27  2:35  Drone x2  
  28  2:39  Spore Crawler  
  28  2:41  Queen  
  31  2:45  Metabolic Boost  
  31  2:49  Overlord  
  31  2:53  Drone  
  31  2:55  Drone  
  31  2:58  Drone  
  34  3:00  Drone  
  35  3:10  Overlord  
  35  3:11  Drone  
  36  3:13  Drone x3  
  36  3:18  Drone x2  
  41  3:22  Queen  
  41  3:25  Overlord  
  43  3:32  Queen  
  45  3:37  Drone  
  45  3:38  Overlord  
  46  3:47  Queen  
  48  3:49  Drone x4  
  48  3:50  Zergling x2  
  48  3:51  Zergling x2  
  48  3:53  Zergling x2  
  48  3:54  Zergling x2  
  57  3:55  Drone  
  57  3:58  Drone  
  57  4:00  Drone  
  57  4:01  Drone  
  57  4:02  Drone  
  56  4:18  Drone x7  
  63  4:25  Drone  
  63  4:26  Drone  
  63  4:27  Drone  
  63  4:29  Spore Crawler, Lair  
  65  4:32  Spore Crawler  
  65  4:34  Spore Crawler  
  65  4:37  Drone  
  65  4:38  Drone x2  
  65  4:40  Drone  
  65  4:43  Drone  
  65  4:45  Drone x2  
  70  4:48  Overlord  
  70  4:53  Drone  
  70  4:54  Overlord  
  70  4:55  Overlord  
  70  4:59  Extractor  
  70  5:00  Evolution Chamber, Drone x3  
  70  5:02  Evolution Chamber  
  70  5:03  Extractor  
  70  5:04  Drone, Extractor  
  70  5:05  Drone  
  71  5:08  Overlord, Extractor  
  71  5:09  Drone, Extractor  
  71  5:10  Drone  
  71  5:11  Drone  
  71  5:12  Drone  
  73  5:15  Roach Warren  
  73  5:16  Drone  
  73  5:19  Drone  
  74  5:21  Drone  
  74  5:22  Drone  
  74  5:27  Drone  
  77  5:29  Drone  
  77  5:30  Zerg Ground Armor Level 1  
  77  5:35  Drone x4  
  82  5:36  Zerg Missile Weapons Level 1  
  82  5:42  Hatchery  
  81  5:44  Drone x2  
  81  5:46  Overlord  
  81  5:48  Drone  
  84  5:54  Zergling x10  
  84  5:57  Zergling x2  
  89  6:02  Zergling x2  
  89  6:03  Zergling x2  
  89  6:04  Zergling x2  
  83  6:06  Zergling x4  
  83  6:07  Zergling x4  
  83  6:09  Zergling x4  
  85  6:12  Zergling x2  
  85  6:13  Roach x2  
  85  6:16  Roach  
  84  6:19  Roach x2  
  84  6:21  Roach  
  90  6:28  Roach  
  90  6:29  Roach x2  
  90  6:30  Roach  
  92  6:33  Roach x2, Queen  
  98  6:44  Overlord x4  
  98  6:45  Overlord  
  98  6:51  Overlord  
  98  6:53  Overlord, Queen  
  98  6:54  Drone  
  98  6:57  Overlord  
  98  7:00  Roach  
  101  7:05  Roach x3  
  101  7:08  Roach x2  
  111  7:10  Roach  
  113  7:18  Roach  
  113  7:19  Roach, Ravager x4  
  113  7:20  Roach  
  113  7:21  Roach  
  123  7:29  Roach  
  112  7:31  Roach  
  112  7:32  Roach  
  110  7:38  Roach x2  
  110  7:39  Glial Reconstitution  
  110  7:42  Ravager  
  110  7:43  Zergling x2  
  112  7:45  Zergling x2  
  112  7:47  Roach  
  112  7:49  Roach  
  112  7:50  Unknown  
  116  7:52  Roach  
  118  8:01  Roach x2  
  122  8:06  Infestation Pit  
  122  8:09  Roach x2  
  122  8:10  Roach  
  122  8:11  Queen  
  126  8:14  Roach  
  126  8:15  Roach  
  126  8:18  Hatchery  
  126  8:19  Drone x3  
  126  8:21  Drone x2  
  126  8:22  Drone x2  
  130  8:33  Drone  
  131  8:34  Roach x2  
  135  8:42  Roach x2  
  135  8:46  Roach  
  132  8:53  Roach x3  
  132  8:54  Roach x2  
  131  8:56  Roach x3  
  131  9:00  Roach  
  137  9:05  Roach x2  
  128  9:12  Roach, Hatchery  
  128  9:16  Roach x2  
  127  9:23  Drone  
Tags
 
Add a new tag
Caveats
  • Supply blocks, unpowered buildings, or Contaminate may cause inaccurate times.
  • Supply counts are checked every 10 seconds.